 Dungeon Crawl Stone Soup version 0.30-a0-571-gdf30a72648 (webtiles) character file.

Game seed: 2791082263947189222

11738 billz999 the Fighter (level 12, 0/95 HPs)
             Began as a Djinni Fire Elementalist on Dec 29, 2022.
             Was an Elder of Makhleb.
             Killed themself with a badly aimed concussive blast (4 damage)
             ... on level 2 of the Lair of Beasts.
             The game lasted 00:25:31 (9793 turns).

billz999 the Fighter (Djinni Fire Elementalist)     Turns: 9793, Time: 00:25:31

Health: 0/95       AC:  5    Str:  7    XL:     12   Next: 11%
Gold:   618        EV: 13    Int: 22    God:    Makhleb [****..] SH:  0 Dex: 20

rFire   + + .      SeeInvis +    y - +12 double sword "Esetoly" {heavy, Fly rC+}
rCold   . . .      Faith    .    (no shield)
rNeg    + . .      Spirit   .    a - +0 robe
rPois   ∞          Reflect  .    A - +0 helmet
rElec   .          Harm     .    (no cloak)
rCorr   .          Rampage  .    n - +1 pair of gloves
Will    +....                    (boots unavailable)
Stlth   +++                      z - amulet of the Enfolding Gods {RegenMP +Blink rF- Regen+ SInv}
HPRegen 1.15/turn                q - ring "Jovuoma" {Fly rF+ rN+ Stlth+}
MPRegen 0.00/turn                u - +6 ring of dexterity

@: flying
A: sickness immunity, fire resistance 2, cold vulnerability 1, float, innate
caster, HP casting, extra vitality 1
a: Renounce Religion, Evoke Blink, Minor Destruction, Lesser Servant of Makhleb,
Major Destruction


You were on level 2 of the Lair of Beasts.
You worshipped Makhleb.
Makhleb was greatly pleased with you.
You visited 3 branches of the dungeon, and saw 13 of its levels.

You collected 618 gold pieces.

Inventory:

Hand Weapons
 j - the +7 dagger of Fedhas, Enfolding {heavy, rPois Will++ Str+2 Int-3}
   (You found it on level 2 of the Dungeon)

   It deals dramatically more damage, but attacks with it are much slower.
   Str:       It affects your strength (+2).
   Int:       It affects your intelligence (-3).
   rPois:     It protects you from poison.
   Will:      It greatly increases your willpower.
 y - the +12 double sword "Esetoly" (weapon) {heavy, Fly rC+}
   (You found it on level 4 of the Dungeon)

   It deals dramatically more damage, but attacks with it are much slower.
   rC:        It protects you from cold.
   Fly:       It grants you flight.
Armour
 a - a +0 robe (worn)
 n - a +1 pair of gloves (worn)
 A - a +0 helmet (worn)
Jewellery
 g - a ring of protection from fire
 i - the amulet of the Impish God {Spirit rN+ rCorr Str+3}
   (You found it on level 2 of the Lair of Beasts)

   [amulet of guardian spirit]

   It causes incoming damage to be divided between your reserves of health and
   magic.
   Str:       It affects your strength (+3).
   rN:        It protects you from negative energy.
   rCorr:     It protects you from acid and corrosion.
 q - the ring "Jovuoma" (left hand) {Fly rF+ rN+ Stlth+}
   (You took it off a goblin on level 3 of the Dungeon)

   [ring of flight]

   rF:        It protects you from fire.
   rN:        It protects you from negative energy.
   Fly:       It grants you flight.
   Stlth:     It makes you more stealthy.
 u - a +6 ring of dexterity (right hand)
 z - the amulet of the Enfolding Gods (around neck) {RegenMP +Blink rF- Regen+ SInv}
   (You found it on level 5 of the Dungeon)

   [amulet of magic regeneration]

   It increases your rate of magic regeneration.
   rF:        It makes you vulnerable to fire.
   SInv:      It lets you see invisible.
   +Blink:    It lets you blink.
   Regen:     It increases your rate of health regeneration.
 H - an amulet of the acrobat
 P - a ring of see invisible
Wands
 C - a wand of flame (73)
 E - a wand of roots (14)
 K - a wand of light (2)
 N - a wand of polymorph (4)
 R - a wand of mindburst (5)
Scrolls
 h - 3 scrolls of amnesia
 l - 2 scrolls of noise {unknown}
 o - 2 scrolls of magic mapping {unknown}
 p - a scroll of vulnerability {unknown}
 r - 3 scrolls of fog {unknown}
 s - 4 scrolls of teleportation {unknown}
 v - 5 scrolls of immolation {unknown}
 x - a scroll of torment {unknown}
 B - a scroll of butterflies {unknown}
 D - 3 scrolls of blinking
 F - a scroll of fear {unknown}
 I - a scroll of enchant weapon {unknown}
 L - a scroll of enchant armour
 S - 2 scrolls of identify
Potions
 b - 2 potions of magic
 c - a potion of invisibility
 d - 3 potions of attraction
 e - 8 potions of curing
 f - a potion of brilliance
 k - a potion of resistance
 m - 2 potions of flight
 t - a potion of mutation
 w - a potion of heal wounds
 G - a potion of ambrosia
 J - a potion of lignification {unknown}
 M - a potion of experience {unknown}
 O - 2 potions of might {unknown}
 Q - a potion of degeneration {unknown}


   Skills:
 - Level 12.0 Fighting
 - Level 6.0(9.2) Short Blades
 + Level 10.8(11.4) Long Blades
 - Level 2.1 Dodging
 - Level 1.5 Stealth
 - Level 3.9 Spellcasting


You couldn't memorise any spells.
You knew the following spells:

 Your Spells              Type           Power      Damage    Failure   Level
a - Foxfire               Conj/Fire      84%        2x1d8     2%          1
b - Scorch                Fire           42%        2d7       3%          2
c - Kindle Blastsparks    Fire/Tloc/Air  42%        2d13      7%          3
d - Inner Flame           Hex/Fire       21%        N/A       7%          3
e - Flame Wave            Conj/Fire      21%        2d8       22%         4
f - Necrotise             Necr           84%        1d8       2%          1
g - Searing Ray           Conj           42%        2d6       3%          2
h - Confusing Touch       Hex            21%        N/A       7%          3
i - Call Canine Familiar  Summ           21%        N/A       7%          3
j - Blade Hands           Tmut           10%        N/A       52%         5
Your spell library was empty.

Dungeon Overview and Level Annotations

Branches:
Dungeon (10/15)            Temple (1/1) D:5            Lair (2/5) D:9
    Orc (0/2) D:9
  Swamp: Lair:2-3    Shoals: Lair:2-3     Snake: Lair:2-3    Spider: Lair:2-3

Altars:
Ashenzari
Cheibriados
Dithmenos
Elyvilon
Gozag
Hepliaklqana
Makhleb
Nemelex Xobeh
Qazlal
Wu Jian
Xom
Yredelemnul
Zin

Shops:
D:4 :   D:10 [


Innate Abilities, Weirdness & Mutations

You are immune to sickness and miasma.
You are immune to poison.
Your flesh is very heat resistant. (rF++)
You are vulnerable to cold. (rC-)
You float through the air rather than walking.
You learn spells naturally, not from books.
Your magical power is your life essence.
You have superior vitality. (+4 MHP)


Message History

Confirm with . or Enter, or press ? or * to list all spells.
A cloud of volatile blastsparks flares up around you!
Casting: Kindle Blastsparks (dangerous; 7% risk of failure)
Confirm with . or Enter, or press ? or * to list all spells.
A cloud of volatile blastsparks flares up around you!
The cloud of blastsparks explodes!
The concussive blast engulfs the eight-headed hydra!
The eight-headed hydra is moderately wounded.
You hear a howl!
Casting: Kindle Blastsparks (dangerous; 7% risk of failure)
Confirm with . or Enter, or press ? or * to list all spells.
A cloud of volatile blastsparks flares up around you!
The eight-headed hydra attacks as you move away!
The eight-headed hydra bites you! x2
The eight-headed hydra bites you but does no damage.
The eight-headed hydra bites you. The eight-headed hydra misses you.
The eight-headed hydra bites you.
The eight-headed hydra completely misses you.
The eight-headed hydra closely misses you.
The cloud of blastsparks explodes!
The concussive blast engulfs the eight-headed hydra!!
The eight-headed hydra is heavily wounded.
The concussive blast engulfs you. You resist.
Casting: Kindle Blastsparks (dangerous; 7% risk of failure)
Confirm with . or Enter, or press ? or * to list all spells.
A cloud of volatile blastsparks flares up around you!
The eight-headed hydra bites you. The eight-headed hydra bites you! x2
The eight-headed hydra closely misses you.
The eight-headed hydra bites you!
* * * LOW HITPOINT WARNING * * *
The eight-headed hydra bites you.
* * * LOW HITPOINT WARNING * * *
The eight-headed hydra misses you. The eight-headed hydra bites you!
* * * LOW HITPOINT WARNING * * *
Unknown command.
The cloud of blastsparks explodes!
The concussive blast engulfs the eight-headed hydra!!
The eight-headed hydra is severely wounded.
The concussive blast engulfs you. You resist.
You die...

##..## ##....# #.....
##..#.##+## ###
#...#.#...#### #####...
##....⌠..#.## ###.....>.
#.....§..#..# ##.........
##....#....#####.......#
#.#.........D@..)...#### .
##...........⌠......## #..
#.#...###......[##..##..).
####### #.⌠...⌠.#.....#...
.##.................
.....⌠.............
............##.....P
...#.#####..|#......
##.....#.†...#....


You could see an eight-headed hydra.

Vanquished Creatures
  4 elephants (Lair:1)
  A black mamba (Lair:1)
  5 cane toads (Lair:1)
  A komodo dragon (Lair:1)
  2 hornets
  4 blink frogs (Lair:1)
  A wraith (D:9)
  A shadow (D:10)
  6 yaks (D:10)
  3 wyverns
  A basilisk (Lair:2)
  Eustachio (D:4)
  4 steam dragons
  3 wargs (D:9)
  An acid dragon (D:10)
  3 water moccasins
  Duvessa (D:6)
  A black bear (D:7)
  4 orc warriors
  2 sky beasts (D:7)
  2 ogres
  6 centaurs
  4 phantoms
  2 necrophages (D:8)
  2 kobold brigands
  3 bullfrogs
  A wyvern zombie (D:8)
  A gnoll sergeant (D:6)
  6 wights
  Dowan (D:6)
  3 killer bees (D:10)
  2 howler monkeys
  3 crimson imps (D:9)
  2 centaur zombies (D:8)
  A human zombie (D:8)
  A hound (D:2)
  3 jellies
  6 orc priests
  3 iguanas (D:6)
  16 orc wizards
  A killer bee zombie (D:8)
  3 mummies
  3 adders
  9 gnolls
  2 white imps
  A shadow imp (D:6)
  2 worms
  3 dart slugs
  44 orcs
  5 endoplasms
  3 giant cockroaches
  9 goblins
  7 hobgoblins
  4 quokkas
  3 ball pythons
  5 bats
  4 frilled lizards
  15 kobolds
  2 rats
  A butterfly (Lair:1)
243 creatures vanquished.

Vanquished Creatures (collateral kills)
  A foxfire (D:9)
1 creature vanquished.

Vanquished Creatures (others)
  515 foxfires
  4 fungi
  3 plants
522 creatures vanquished.

Grand Total: 766 creatures vanquished

Notes
Turn   | Place    | Note
-------+----------+-------------------------------------------
     0 | D:1      | billz999 the Djinni Fire Elementalist began the quest for
                  | the Orb.
     0 | D:1      | billz999 set off with the following spells memorised:
                  | Foxfire, Scorch, Kindle Blastsparks, Inner Flame, Flame
                  | Wave.
     0 | D:1      | Reached XP level 1. HP: 15/15 MP: 0/0
    88 | D:1      | Reached XP level 2. HP: 21/21 MP: 0/0
   427 | D:1      | Reached XP level 3. HP: 19/25 MP: 0/0
   427 | D:1      | Learned a level 1 spell: Necrotise
  1024 | D:2      | Reached XP level 4. HP: 24/31 MP: 0/0
  1203 | D:2      | Identified the +7 dagger of Fedhas, Enfolding {heavy, rPois
                  | Will++ Str+2 Int-3}
  1632 | D:2      | Reached skill level 1 in Short Blades
  1835 | D:3      | Reached XP level 5. HP: 33/35 MP: 0/0
  1835 | D:3      | Learned a level 2 spell: Searing Ray
  1841 | D:3      | Identified the ring "Jovuoma" {Fly rF+ rN+ Stlth+}
  1925 | D:3      | Found a snail-covered altar of Cheibriados.
  2406 | D:3      | Found an ornate altar of the Wu Jian Council.
  2731 | D:4      | Reached XP level 6. HP: 18/40 MP: 0/0
  2855 | D:4      | Noticed Eustachio
  2865 | D:4      | Killed Eustachio
  2976 | D:4      | Reached XP level 7. HP: 39/45 MP: 0/0
  2976 | D:4      | Learned a level 3 spell: Confusing Touch
  3177 | D:4      | Reached skill level 5 in Short Blades
  3312 | D:4      | Identified the +12 double sword "Esetoly" {heavy, Fly rC+}
  3959 | D:4      | Found Vem Duo's Book Emporium.
  4010 | D:5      | Entered Level 5 of the Dungeon
  4013 | D:5      | Identified the amulet of the Enfolding Gods {RegenMP +Blink
                  | rF- Regen+ SInv}
  4072 | D:5      | Found a staircase to the Ecumenical Temple.
  4088 | Temple   | Entered the Ecumenical Temple
  4095 | Temple   | Became a worshipper of Makhleb the Destroyer
  4242 | D:5      | Reached skill level 1 in Fighting
  4242 | D:5      | Reached skill level 1 in Long Blades
  4242 | D:5      | Reached XP level 8. HP: 54/54 MP: 0/0
  4243 | D:5      | Reached skill level 2 in Fighting
  4471 | D:6      | Reached skill level 3 in Fighting
  4481 | D:6      | Reached skill level 4 in Fighting
  4631 | D:6      | Found a hazy altar of Hepliaklqana.
  4726 | D:6      | Noticed Duvessa
  4726 | D:6      | Noticed Dowan
  4738 | D:6      | Killed Duvessa
  4739 | D:6      | Reached skill level 5 in Fighting
  4753 | D:6      | Killed Dowan
  4753 | D:6      | Reached * piety under Makhleb
  4754 | D:6      | Reached XP level 9. HP: 35/65 MP: 0/0
  4754 | D:6      | Learned a level 3 spell: Call Canine Familiar
  5067 | D:6      | Found a shadowy altar of Dithmenos.
  5279 | D:7      | Reached skill level 6 in Fighting
  5390 | D:7      | Reached skill level 7 in Fighting
  6115 | D:7      | Noticed a hornet
  6123 | D:7      | Killed a hornet
  6229 | D:7      | Reached skill level 8 in Fighting
  6229 | D:7      | Reached skill level 5 in Long Blades
  6589 | D:8      | Reached ** piety under Makhleb
  6594 | D:8      | Reached XP level 10. HP: 41/77 MP: 0/0
  7006 | D:8      | Reached skill level 9 in Fighting
  7275 | D:9      | Reached skill level 10 in Fighting
  7291 | D:9      | Found an opulent altar of Gozag.
  7377 | D:9      | Reached *** piety under Makhleb
  7448 | D:9      | Found a staircase to the Lair.
  7505 | D:9      | Found a staircase to the Orcish Mines.
  7613 | D:9      | Found a shimmering altar of Xom.
  7762 | D:10     | Entered Level 10 of the Dungeon
  7905 | D:10     | Reached skill level 11 in Fighting
  7905 | D:10     | Reached XP level 11. HP: 73/87 MP: 0/0
  7905 | D:10     | Learned a level 5 spell: Blade Hands
  8310 | D:10     | Found a stormy altar of Qazlal.
  8397 | D:10     | Found Deukhli's Antique Armour Shop.
  8662 | D:10     | Found a burning altar of Makhleb.
  9134 | Lair:1   | Entered Level 1 of the Lair of Beasts
  9141 | Lair:1   | Reached skill level 12 in Fighting
  9196 | Lair:1   | Noticed an elephant
  9199 | Lair:1   | Noticed an elephant
  9204 | Lair:1   | Noticed an elephant
  9258 | Lair:1   | Noticed an elephant
  9270 | Lair:1   | Killed an elephant
  9284 | Lair:1   | Killed an elephant
  9284 | Lair:1   | Killed an elephant
  9284 | Lair:1   | HP: 4/89 [cloud of flame (7)]
  9287 | Lair:1   | Killed an elephant
  9362 | Lair:1   | Reached **** piety under Makhleb
  9473 | Lair:1   | HP: 2/89 [blink frog (13)]
  9477 | Lair:1   | Reached skill level 10 in Long Blades
  9484 | Lair:1   | Reached XP level 12. HP: 35/95 MP: 0/0
  9661 | Lair:1   | You are sucked into a shaft and drop 1 floor!
  9770 | Lair:2   | Identified the amulet of the Impish God {Spirit rN+ rCorr
                  | Str+3}
  9778 | Lair:2   | Noticed an eight-headed hydra
  9792 | Lair:2   | HP: 3/95 [eight-headed hydra (10)]
  9793 | Lair:2   | Killed themself with a badly aimed concussive blast

Illustrated notes

Levels and vault maps discovered:
D:1:      dpeg_arrival_morbid_curiosity, layout_loops_ring,
          hangedman_glass_teeth
D:2:      layout_loops_ring
D:3:      layout_basic, nicolae_wu_jian_immortal_techniques, slow_altar_1
D:4:      layout_gridville, serial_shops, nicolae_shop_behind_doors,
          uniq_eustachio
D:5:      layout_rooms, minmay_temple_entry_mist
D:6:      layout_loops_ring, kennysheep_mini, mainiacjoe_overflow_24_doors,
          uniq_duvessa
D:7:      layout_cave_pods, hangedman_abyss_or_decor_jellyfish_corner
D:8:      layout_cave_pools, lemuel_mausoleum_altar_kikubaaqudgha
D:9:      layout_basic, nicolae_gozag_seed_capital, led_xom_imps,
          nicolae_overflow_hidden_temple, erik_lair_orcish_takeover, david_orc_2
D:10:     layout_layer_cave, serial_shops, shop, hangedman_feature_mirror
Temple:   cyrus_circular_temple
Lair:1:   layout_gridlike, lemuel_fruit_tree, lemuel_fruit_fields,
          grunt_megastairs_2
Lair:2:   layout_cave_pods, grunt_megastairs_4

Skill      XL: |  1  2  3  4  5  6  7  8  9 10 11 |
---------------+----------------------------------+-----
Spellcasting   | 3 |  3.9
Short Blades   | 1 2 4 6 |  6.0
Fighting       | 1 5 8 11 12 | 12.0
Long Blades    | 1 3 5 7 10 | 10.8
Dodging        | |  2.1
Stealth        | |  1.5

Action                   |  1- 3 |  4- 6 |  7- 9 | 10-12 || total
-------------------------+-------+-------+-------+-------++-------
Melee: Unarmed           |    13 |     6 |       |       ||    19
       Punch             |     1 |       |       |     2 ||     3
       Dagger            |       |    17 |     5 |       ||    22
       Double sword      |       |       |    38 |    92 ||   130
 Cast: Foxfire           |    45 |    77 |   100 |   101 ||   323
       Scorch            |       |    12 |    62 |    78 ||   152
       Kindle Blastspark |       |     1 |     6 |    13 ||    20
       Flame Wave        |       |       |     2 |     5 ||     7
       Searing Ray       |       |       |       |    10 ||    10
       Inner Flame       |       |       |       |     6 ||     6
       Necrotise         |       |       |       |     1 ||     1
Evoke: Wand              |       |       |     5 |    16 ||    21
  Use: Scroll            |       |     1 |     1 |     9 ||    11
       Potion            |       |       |     2 |     5 ||     7
 Stab: Sleeping          |       |       |       |     4 ||     4
Armor: Robe              |     2 |     7 |    20 |    42 ||    71
Dodge: Dodged            |    13 |    16 |    52 |   108 ||   189

Table legend: (Time is in decaauts)
 A = Elapsed time spent in this place.
 B = Non-inter-level travel time spent in this place.
 C = Inter-level travel time spent in this place.
 D = Time resting spent in this place.
 E = Time spent auto-exploring this place.
 F = Levels seen in this place.
 G = Mean time per level.
                   A        B        C        D        E       F      G
               +--------+--------+--------+--------+--------+-----+--------+
         Total |   9885 |   9519 |    366 |   1006 |   6942 |  13 |  760.4 |
       Dungeon |   9242 |   8891 |    351 |    903 |   6640 |  10 |  924.2 |
        Temple |     14 |      2 |     12 |      0 |      0 |   1 |   14.0 |
          Lair |    628 |    626 |      2 |    103 |    302 |   2 |  314.0 |
               +--------+--------+--------+--------+--------+-----+--------+

Top non-repeatable levels by time:
     D:4: 1365 daAuts
    D:10: 1345 daAuts
     D:7: 1238 daAuts
     D:1: 1015 daAuts
     D:3: 819 daAuts
     D:2: 814 daAuts
     D:6: 786 daAuts
     D:9: 740 daAuts
     D:8: 736 daAuts
  Lair:1: 495 daAuts
     D:5: 382 daAuts
  Lair:2: 133 daAuts
  Temple: 14 daAuts
